 Dungeon Crawl Stone Soup version 0.29.1-15-g9cfb28693d (webtiles) character file.

Game seed: 9626570015912489896

119 promet the Magician (level 4, -1/24 HPs)
             Began as a Deep Elf Venom Mage on Feb 22, 2023.
             Was an Initiate of Qazlal.
             Slain by Grinder (5 damage)
             ... while paralysed by Grinder
             ... on level 3 of the Dungeon.
             The game lasted 00:19:29 (4274 turns).

promet the Magician (Deep Elf Venom Mage)           Turns: 4274, Time: 00:19:30

Health: -1/24      AC:  2    Str:  7    XL:     4   Next: 73%
Magic:  9/12       EV:  2    Int: 20    God:    Qazlal [......]
Gold:   142        SH:  0    Dex: 15    Spells: 6/12 levels left

rFire   . . .      SeeInvis +   a - +0 short sword (freeze)
rCold   . . .      Faith    .   (no shield)
rNeg    . . .      Spirit   .   e - +0 robe
rPois   .          Reflect  .   j - +0 hat
rElec   .          Harm     .   (no cloak)
rCorr   .          Rampage  .   (no gloves)
Will    .....                   (no boots)
Stlth   ++........              (no amulet)
HPRegen 0.08/turn               m - ring of wizardry
MPRegen 0.13/turn               i - ring of see invisible

@: paralysed
A: no striking features
a: Renounce Religion


You were on level 3 of the Dungeon.
You worshipped Qazlal.
Qazlal was noncommittal.
You visited 1 branch of the dungeon, and saw 3 of its levels.

You collected 142 gold pieces.

Inventory:

Hand Weapons
 a - a +0 short sword of freezing (weapon)
 q - a +0 flail
 r - a +0 spear
Missiles
 p - 7 stones
Armour
 d - a +0 leather armour
 e - a +0 robe (worn)
 j - a +0 hat (worn)
Jewellery
 g - a +4 ring of evasion
 i - a ring of see invisible (right hand)
 k - a ring of resist corrosion
 m - a ring of wizardry (left hand)
Wands
 l - a wand of charming (9)
Scrolls
 n - 3 scrolls of enchant weapon
 o - a scroll of fog
Potions
 b - a potion of magic
 c - a potion of curing
 f - 2 potions of lignification
 h - a potion of brilliance {unknown}
 s - a potion of attraction {unknown}


   Skills:
 + Level 0.2 Fighting
 + Level 0.5 Short Blades
 + Level 2.8 Dodging
 + Level 3.2 Stealth
 + Level 4.5 Spellcasting
 + Level 0.1 Summonings
 + Level 2.0 Transmutations
 + Level 0.6 Air Magic
 + Level 4.1 Poison Magic


You had 6 spell levels left.
You knew the following spells:

 Your Spells              Type           Power      Damage    Failure   Level
a - Sting                 Tmut/Pois      64%        1d6       1%          1
b - Poisonous Vapours     Pois/Air       26%        N/A       2%          2
c - Call Imp              Summ           5%         N/A       7%          2
d - Magic Dart            Conj           16%        1d3       4%          1

Your spell library contained the following spells:

 Spells                   Type           Power      Damage    Failure   Level
 Mephitic Cloud           Conj/Pois/Air  10%        N/A       8%          3
 Olgreb's Toxic Radiance  Pois           20%        N/A       9%          4
 Ozocubu's Armour         Ice            4%         N/A       16%         3
 Ozocubu's Refrigeration  Ice            2%         4d7       100%        7


Dungeon Overview and Level Annotations

Branches:
Dungeon (3/15)

Altars:
Qazlal

Annotations:
D:2 1 runed translucent door, Crazy Yiuf
D:3 Grinder, Ijyb, Robin


Message History

Magic restored.
You now have 142 gold pieces (gained 12).
You see here a hobgoblin corpse.
Found a stone staircase leading down.
Grinder shouts!
Casting: Poisonous Vapours (safe; 2% risk of failure)
Confirm with . or Enter, or press ? or * to list all spells.
A beastly little devil appears in a puff of frigid air.
Okay, then.
Okay, then.
Casting: Call Imp (safe; 7% risk of failure)
Confirm with . or Enter, or press ? or * to list all spells.
Aiming: Magic Dart (safe; 4% risk of failure)
Press: ? - help, Shift-Dir - straight line, f - Grinder
Aim: Grinder (ally target, 100% to hit)
The magic dart hits Grinder.
Grinder is lightly wounded.
Your white imp closely misses Grinder.
Casting: Magic Dart (safe; 4% risk of failure)
Confirm with . or Enter, or press ? or * to list all spells.
Aiming: Magic Dart (safe; 4% risk of failure)
Press: ? - help, Shift-Dir - straight line, f/p - Grinder
Aim: Grinder (lightly wounded, ally target, 100% to hit)
The magic dart hits Grinder but does no damage.
Grinder is lightly wounded.
Your white imp barely misses Grinder.
You barely miss Grinder.
Grinder is lightly wounded.
Grinder gestures at you. Pain shoots through your body!
Your white imp barely misses Grinder.
You feel better. Grinder hits you!
Your white imp hits Grinder.
Your white imp freezes Grinder.
Grinder resists.
You hit Grinder but do no damage.
Grinder is lightly wounded.
Grinder gestures at you.
You suddenly lose the ability to move!
Your white imp barely misses Grinder.
Grinder hits you!
* * * LOW HITPOINT WARNING * * *
You writhe in agony.
You die...

..# #.###*,,,,,#.#
#.# #.# *,****#.#
#.# #.# *,*
#.####### #.# #.#
*,* #.......# #.#
#.# *,###########.#
).# #.#
*,#......†....#
#########.#
*,#.########..#*
..........# *,#.#
*#...#* ###########
*,#@# **.....#*
...,,* *,#5#*
**.......#* ###*,*
#..w5#***.........#
*,*
#......,..........#
*,*
##...###..........#
*,*
##.##.......,,,,**
*,*
#.#*5......,,,**
*,* #.>,.S.....,,**
*,* ###*......#***


You could see Grinder (ally target), a dart slug and a friendly white imp
(summoned).

Vanquished Creatures
  An orc wizard (D:3)
  3 adders (D:2)
  A worm (D:2)
  A dart slug (D:2)
  3 orcs
  4 ball pythons
  2 endoplasms
  5 giant cockroaches
  5 goblins
  8 hobgoblins
  6 bats
  2 frilled lizards
  6 kobolds
  5 rats
52 creatures vanquished.

Vanquished Creatures (collateral kills)
  2 orcs
  A goblin (D:2)
3 creatures vanquished.

Grand Total: 55 creatures vanquished

Notes
Turn   | Place    | Note
-------+----------+-------------------------------------------
     0 | D:1      | promet the Deep Elf Venom Mage began the quest for the Orb.
     0 | D:1      | Reached XP level 1. HP: 10/10 MP: 6/6
   246 | D:1      | Reached XP level 2. HP: 15/15 MP: 6/8
   249 | D:1      | Learned a level 2 spell: Poisonous Vapours
  1227 | D:2      | Reached XP level 3. HP: 12/19 MP: 6/10
  1465 | D:2      | Found a stormy altar of Qazlal.
  1498 | D:2      | Became a worshipper of Qazlal Stormbringer
  2205 | D:2      | Learned a level 2 spell: Call Imp
  2249 | D:2      | Learned a level 1 spell: Magic Dart
  2516 | D:2      | Reached XP level 4. HP: 23/24 MP: 2/12
  2828 | D:2      | Found a runed translucent door.
  2829 | D:2      | Noticed Crazy Yiuf
  2859 | D:3      | Noticed Robin
  2859 | D:3      | Noticed Ijyb
  3153 | D:3      | Noticed Grinder
  4273 | D:3      | Paralysed by Grinder for 2 turns
  4274 | D:3      | Slain by Grinder

Illustrated notes

Levels and vault maps discovered:
D:1:      wander_arrival_lonely_grave, layout_rooms
D:2:      wad_pebble_path, layout_basic, basic_altar, uniq_crazy_yiuf_cottage
D:3:      layout_loops_ring, uniq_grinder, uniq_robin, uniq_ijyb

Skill      XL: |  1  2  3  4 |
---------------+-------------+-----
Stealth        | 3 |  3.2
Spellcasting   | 4 |  4.5
Poison Magic   | 4 |  4.1
Transmutations | 2 |  2.0
Fighting       | |  0.2
Short Blades   | |  0.5
Dodging        | |  2.8
Summonings     | |  0.1
Air Magic      | |  0.6

Action                   |  1- 3 |  4- 6 || total
-------------------------+-------+-------++-------
Melee: Unarmed           |     4 |       ||     4
       Short sword       |    47 |    20 ||    67
       Spear             |       |     5 ||     5
 Cast: Sting             |    42 |     8 ||    50
       Poisonous Vapours |    18 |    18 ||    36
       Call Imp          |       |     6 ||     6
       Magic Dart        |       |     3 ||     3
  Use: Scroll            |     4 |     4 ||     8
       Potion            |       |     1 ||     1
 Stab: Sleeping          |     4 |     2 ||     6
Armor: Robe              |    18 |     4 ||    22
Dodge: Dodged            |    84 |    32 ||   116
